Map: 永恒梦境-天梯版

Players

JieShi

  • Race: Protoss Protoss
  • League: Master

iGMacSed (MacSed) - Winner!

  • Race: Protoss Protoss
  • League: Master

Event: DreamHack SC2 Masters 2020 Fall

VOD

Have the link to the VOD?

Description

Time

  • Played on: Sept. 4, 2020, 8:49 a.m.
  • Length: 10:04

All games in this series

Show
View Real Time Build Order
Export as new Build Order

JieShi Protoss 

Build Orders:  

Get SALT Encoding   

  12  0:00  Probe  
  13  0:12  Probe  
  14  0:17  Pylon  
  14  0:24  Probe (Chrono Boost)  
  15  0:36  Probe (Chrono Boost)  
  15  0:37  Gateway  
  16  0:43  Probe (Chrono Boost)  
  16  0:45  Assimilator  
  17  0:51  Probe  
  17  0:54  Assimilator  
  18  1:03  Probe (Chrono Boost)  
  19  1:07  Gateway  
  19  1:13  Probe (Chrono Boost)  
  19  1:17  Probe (Chrono Boost)  
  20  1:24  Cybernetics Core  
  21  1:29  Probe  
  22  1:34  Pylon  
  22  1:41  Probe  
  23  1:53  Probe  
  24  1:57  Warp Gate (Chrono Boost)  
  24  2:01  Stalker x2  
  28  2:11  Pylon  
  28  2:14  Shield Battery  
  28  2:31  Adept x2  
  32  2:47  Nexus  
  32  2:52  Probe  
  33  3:00  Adept  
  33  3:01  Adept  
  37  3:06  Probe  
  37  3:10  Pylon  
  38  3:18  Probe  
  39  3:23  Shield Battery  
  39  3:27  Shield Battery  
  40  3:39  Adept  
  40  3:40  Adept  
  43  3:43  Probe  
  44  3:51  Twilight Council  
  44  3:56  Probe  
  45  4:08  Sentry, Stalker, Probe  
  50  4:20  Probe  
  42  4:38  Probe (Chrono Boost)  
  42  4:42  Blink (Chrono Boost)  
  42  4:50  Probe (Chrono Boost)  
  44  4:53  Probe (Chrono Boost)  
  44  4:59  Probe (Chrono Boost)  
  46  5:00  Probe (Chrono Boost)  
  46  5:05  Probe (Chrono Boost)  
  44  5:09  Sentry, Stalker  
  44  5:10  Probe  
  50  5:17  Probe  
  51  5:22  Probe  
  52  5:33  Stalker  
  54  5:45  Probe x2  
  54  5:49  Shield Battery  
  52  5:54  Stalker  
  48  5:57  Probe, Stalker  
  48  5:59  Probe  
  48  6:10  Probe (Chrono Boost)  
  45  6:15  Probe (Chrono Boost)  
  43  6:19  Gateway  
  43  6:20  Stalker  
  43  6:21  Probe (Chrono Boost), Stalker  
  49  6:26  Probe x2 (Chrono Boost)  
  49  6:30  Robotics Facility  
  50  6:35  Probe, Pylon  
  50  6:36  Probe  
  52  6:42  Pylon  
  52  6:43  Stalker  
  52  6:46  Assimilator  
  54  6:50  Pylon  
  54  6:53  Probe x2  
  56  6:55  Stalker  
  56  6:58  Pylon  
  58  7:05  Gateway, Probe x2  
  60  7:10  Forge  
  60  7:11  Sentry  
  62  7:18  Observer (Chrono Boost)  
  63  7:26  Stalker x2  
  67  7:34  Gateway x2  
  67  7:42  Pylon  
  67  7:45  Stalker  
  67  7:50  Stalker x2  
  73  7:55  Protoss Ground Weapons Level 1 (Chrono Boost)  
  73  7:57  Observer  
  73  8:00  Pylon  
  73  8:02  Warp Prism  
  75  8:11  Stalker  
  77  8:16  Pylon  
  77  8:20  Sentry, Stalker x2  
  83  8:35  Observer  
  83  8:36  Nexus  
  81  8:44  Stalker x3  
  87  8:49  Pylon  
  87  9:02  Stalker x3  
  91  9:09  Stalker  
  93  9:11  Stalker  
  94  9:25  Pylon  
  94  9:37  Pylon  
  94  9:40  Pylon  
Show
View Real Time Build Order
Export as new Build Order

iGMacSed Protoss - Winner!

Build Orders: Oracle Opening 

Get SALT Encoding   

  12  0:00  Probe  
  13  0:12  Probe  
  14  0:17  Pylon  
  14  0:25  Probe (Chrono Boost)  
  16  0:36  Gateway  
  16  0:37  Probe (Chrono Boost)  
  16  0:43  Probe (Chrono Boost)  
  16  0:46  Assimilator  
  17  0:51  Probe  
  18  1:03  Probe (Chrono Boost)  
  19  1:04  Assimilator  
  19  1:09  Gateway  
  19  1:12  Probe (Chrono Boost)  
  19  1:17  Probe (Chrono Boost)  
  21  1:26  Cybernetics Core  
  21  1:29  Probe  
  22  1:34  Pylon  
  22  1:41  Probe  
  23  1:53  Probe  
  24  2:02  Warp Gate, Stalker x2  
  24  2:06  Probe  
  29  2:11  Pylon  
  29  2:28  Stargate  
  28  2:46  Nexus  
  29  2:55  Stalker  
  30  3:08  Oracle (Chrono Boost)  
  30  3:09  Shield Battery  
  33  3:16  Stalker  
  33  3:19  Probe  
  36  3:31  Pylon  
  37  3:39  Oracle (Chrono Boost)  
  39  3:49  Probe  
  40  3:58  Probe  
  40  4:01  Stalker, Probe  
  40  4:02  Stalker  
  46  4:19  Shield Battery  
  45  4:27  Probe  
  45  4:31  Probe (Chrono Boost)  
  44  4:39  Probe (Chrono Boost)  
  44  4:40  Stalker x2  
  44  4:43  Probe (Chrono Boost)  
  50  4:47  Twilight Council  
  50  4:50  Probe (Chrono Boost)  
  50  4:51  Probe (Chrono Boost)  
  52  4:55  Probe (Chrono Boost)  
  52  4:57  Gateway, Probe (Chrono Boost)  
  55  5:09  Probe (Chrono Boost)  
  55  5:11  Probe (Chrono Boost)  
  56  5:17  Probe (Chrono Boost)  
  56  5:19  Blink (Chrono Boost), Probe (Chrono Boost)  
  56  5:21  Pylon  
  58  5:24  Probe  
  59  5:30  Probe  
  59  5:33  Pylon  
  60  5:36  Probe  
  60  5:42  Probe  
  62  5:48  Probe  
  61  5:54  Probe  
  60  5:59  Stalker x3  
  60  6:00  Probe  
  63  6:06  Probe  
  62  6:12  Probe  
  63  6:18  Probe  
  63  6:21  Robotics Facility  
  63  6:22  Assimilator  
  63  6:24  Forge, Probe  
  65  6:29  Stalker x2  
  65  6:30  Probe  
  70  6:36  Probe  
  70  6:38  Nexus  
  71  6:41  Pylon  
  71  6:42  Probe  
  71  6:45  Pylon  
  71  6:46  Stalker  
  74  6:48  Probe  
  75  6:54  Protoss Ground Weapons Level 1 (Chrono Boost), Probe  
  75  7:00  Charge (Chrono Boost)  
  76  7:02  Photon Cannon  
  76  7:04  Stalker  
  76  7:07  Stalker  
  80  7:10  Probe x2  
  82  7:16  Observer  
  82  7:19  Photon Cannon  
  82  7:22  Pylon, Probe  
  84  7:25  Probe  
  85  7:34  Probe  
  86  7:38  Probe  
  86  7:40  Gateway  
  86  7:42  Gateway  
  87  7:44  Gateway  
  87  7:46  Stalker x2  
  87  7:47  Stalker  
  87  7:50  Probe  
  87  7:51  Probe  
  95  8:01  Probe  
  95  8:03  Probe  
  97  8:06  Gateway  
  97  8:08  Gateway  
  97  8:13  Stalker x3  
  97  8:15  Pylon  
  97  8:19  Shield Battery  
  103  8:20  Pylon  
  103  8:23  Immortal  
  105  8:35  Stalker  
  107  8:44  Stalker x5  
  117  8:49  Pylon  
  117  9:00  Stalker x2  
  123  9:17  Immortal  
  119  9:25  Zealot x5, Stalker x3  
  119  9:28  Pylon  
  119  9:31  Pylon  
  133  9:32  Gateway  
  133  9:36  Gateway  
  133  9:39  Gateway  
  133  9:47  Zealot x3  
  133  9:49  Nexus  

Tags
 
Add a new tag
Caveats
  • Supply blocks, unpowered buildings, or Contaminate may cause inaccurate times.
  • Supply counts are checked every 10 seconds.